 Dungeon Crawl Stone Soup version 0.32-a0-163-g159c032296 (webtiles) character file.

Game seed: 9724981300483756267

221 Ceno the Grave Robber (level 5, -5/38 HPs)
             Began as a Gnoll Necromancer on Feb 11, 2024.
             Slain by a gnoll
             ... wielding a +0 flail
              (9 damage)
             ... on level 3 of the Dungeon.
             The game lasted 00:09:25 (1786 turns).

Ceno the Grave Robber (Gnoll Necromancer)           Turns: 1786, Time: 00:09:25

Health: -5/38      AC:  3    Str: 10    XL:     5   Next: 98%
Magic:  0/12       EV: 18    Int: 14    God:
Gold:   133        SH:  0    Dex: 12    Spells: 1/14 levels left

rFire   . . .        a - +1 dagger (venom)
rCold   . . .        (no shield)
rNeg    . . .        e - +0 robe
rPois   .            (no helmet)
rElec   .            h - +0 cloak
rCorr   .            (no gloves)
SInv    .            (no boots)
Will    .....        o - amulet of guardian spirit
Stlth   +++          i - +5 ring of evasion
HPRegen 0.26/turn    (no ring)
MPRegen 0.13/turn

%: guardian spirit
@: animating dead
A: fangs 1, strong nose, distributed training
a: no special abilities


You were on level 3 of the Dungeon.
You visited 1 branch of the dungeon, and saw 3 of its levels.

You collected 133 gold pieces.

Inventory:

Hand Weapons
 a - a +1 dagger of venom (weapon)
 b - a +1 flail of pain
Missiles
 q - 4 stones (quivered)
Armour
 e - a +0 robe (worn)
 h - a +0 cloak (worn)
Jewellery
 i - a +5 ring of evasion (left hand)
 o - an amulet of guardian spirit (around neck)
Scrolls
 c - a scroll of teleportation
 g - a scroll of blinking
 j - a scroll of brand weapon {unknown}
 k - a scroll of fog {unknown}
 m - a scroll of revelation {unknown}
 n - a scroll of amnesia
 p - a scroll of vulnerability {unknown}
 u - a scroll of identify
Potions
 d - a potion of resistance
 f - a potion of heal wounds
 l - 2 potions of lignification {unknown}
 r - 2 potions of magic
 s - a potion of haste {unknown}
 t - a potion of attraction {unknown}


   Skills:
 + Level 1.8 Fighting
 + Level 1.8 Short Blades
 + Level 1.8 Long Blades
 + Level 1.8 Axes
 + Level 1.8 Maces & Flails
 + Level 1.8 Polearms
 + Level 1.8 Staves
 + Level 1.8 Ranged Weapons
 + Level 1.8 Throwing
 + Level 1.8 Armour
 + Level 4.9 Dodging
 + Level 4.5 Stealth
 + Level 1.8 Shields
 + Level 1.8 Unarmed Combat
 + Level 5.3 Spellcasting
 + Level 1.4 Conjurations
 + Level 1.4 Hexes
 + Level 1.4 Summonings
 + Level 7.2 Necromancy
 + Level 1.4 Translocations
 + Level 1.4 Fire Magic
 + Level 1.4 Ice Magic
 + Level 1.4 Air Magic
 + Level 1.4 Earth Magic
 + Level 1.4 Alchemy
 + Level 2.0 Invocations
 + Level 1.8 Evocations
 + Level 1.6 Shapeshifting


You had one spell level left.
You knew the following spells:

 Your Spells              Type           Power      Damage    Failure   Level
a - Necrotise             Necr           96%        1d8       1%          1
b - Vampiric Draining     Necr           24%        2d7       2%          3
c - Animate Dead          Necr           24%        N/A       9%          4
d - Curse of Agony        Necr           24%        N/A       24%         5

Your spell library contained the following spells:

 Spells                   Type           Power      Damage    Failure   Level


Dungeon Overview and Level Annotations

Branches:
Dungeon (3/15)

Altars:

Annotations:
D:3 1 runed translucent door, Crazy Yiuf


Innate Abilities, Weirdness & Mutations

You have very sharp teeth.
Your uncanny sense of smell can sniff out nearby items.
Your experience applies equally to all skills.


Message History

Confirm with . or Enter, or press ? or * to list all spells.
Aiming: Vampiric Draining (dangerous; 2% risk of failure)
Press: ? - help, Shift-Dir - straight line, f/p - gnoll
Aim: a gnoll, wielding a +0 spear (lightly wounded)
You draw life force from the gnoll!
You feel life coursing into your body. The gnoll hits you with a +0 spear.
Casting: Vampiric Draining (dangerous; 2% risk of failure)
Confirm with . or Enter, or press ? or * to list all spells.
You don't have enough magic to cast this spell.
Unknown command.
You barely miss the gnoll.
The gnoll is almost dead.
The gnoll completely misses you.
A gnoll comes into view. It is wielding a +0 whip.
You hit the gnoll.
You kill the gnoll!
The dead are walking!
The gnoll barely misses your gnoll zombie.
The gnoll hits your gnoll zombie with a +0 whip.
You see here a +0 spear.
You swap places.
A gnoll comes into view. It is wielding a +0 flail.
You barely miss the gnoll. The gnoll barely misses you.
A gnoll comes into view. It is wielding a +0 club.
The gnoll shouts!
The gnoll hits you with a +0 whip!
Your gnoll zombie barely misses the gnoll.
You hit the gnoll.
The gnoll is lightly wounded.
The gnoll closely misses you. The gnoll hits you with a +0 whip.
You hit the gnoll. You bite the gnoll.
The gnoll is moderately wounded.
Your gnoll zombie hits the gnoll but does no damage.
The gnoll hits you with a +0 flail!
* * * LOW HITPOINT WARNING * * *
The gnoll completely misses you.
You barely miss the gnoll. You bite the gnoll, but do no damage.
The gnoll is moderately wounded.
The gnoll barely misses you. The gnoll hits you with a +0 flail!
You die...

#####....# ##ยง## ...
##.#.###..# ....
#....##.#####.....
#..#..............
#....#####.##.....
#...### #.# ...
#.....# #Z# .
#.........##g#####...
#.... #....gg@.......
##... #...##.#####...
## ### #.# #.( ###


You could see 3 gnolls and a friendly gnoll zombie.

Vanquished Creatures
  Natasha (twice) (D:3)
  Robin (D:3)
  7 gnolls
  2 dart slugs
  A ribbon worm (D:2)
  5 endoplasms
  2 giant cockroaches
  16 goblins
  6 hobgoblins
  9 jackals
  3 quokkas
  A ball python (D:1)
  3 bats
  2 frilled lizards (D:3)
  8 kobolds
  A rat (D:3)
69 creatures vanquished.

Vanquished Creatures (collateral kills)
  A gnoll (D:2)
  An endoplasm (D:3)
  A goblin (D:3)
  A frilled lizard (D:1)
  A rat (D:1)
5 creatures vanquished.

Grand Total: 74 creatures vanquished

Notes
Turn   | Place    | Note
-------+----------+-------------------------------------------
     0 | D:1      | Ceno the Gnoll Necromancer began the quest for the Orb.
     0 | D:1      | Reached XP level 1. HP: 13/13 MP: 6/6
    64 | D:1      | Reached XP level 2. HP: 19/19 MP: 2/7
   330 | D:1      | Reached skill level 5 in Spellcasting
   330 | D:1      | Reached XP level 3. HP: 25/25 MP: 5/9
   421 | D:1      | Reached skill level 1 in Invocations
   584 | D:1      | Learned a level 3 spell: Vampiric Draining
   800 | D:2      | Reached skill level 1 in Fighting
   800 | D:2      | Reached skill level 1 in Short Blades
   800 | D:2      | Reached skill level 1 in Long Blades
   800 | D:2      | Reached skill level 1 in Axes
   800 | D:2      | Reached skill level 1 in Maces & Flails
   800 | D:2      | Reached skill level 1 in Polearms
   800 | D:2      | Reached skill level 1 in Staves
   800 | D:2      | Reached skill level 1 in Ranged Weapons
   800 | D:2      | Reached skill level 1 in Throwing
   800 | D:2      | Reached skill level 1 in Armour
   800 | D:2      | Reached skill level 1 in Shields
   800 | D:2      | Reached skill level 1 in Unarmed Combat
   800 | D:2      | Reached skill level 1 in Evocations
   815 | D:2      | Reached skill level 1 in Shapeshifting
   815 | D:2      | Reached XP level 4. HP: 32/32 MP: 2/11
   907 | D:2      | Reached skill level 1 in Conjurations
   907 | D:2      | Reached skill level 1 in Hexes
   907 | D:2      | Reached skill level 1 in Summonings
   907 | D:2      | Reached skill level 1 in Translocations
   907 | D:2      | Reached skill level 1 in Fire Magic
   907 | D:2      | Reached skill level 1 in Ice Magic
   907 | D:2      | Reached skill level 1 in Air Magic
   907 | D:2      | Reached skill level 1 in Earth Magic
   907 | D:2      | Reached skill level 1 in Alchemy
  1343 | D:3      | Reached XP level 5. HP: 37/37 MP: 4/12
  1394 | D:3      | Noticed Robin
  1406 | D:3      | Killed Robin
  1466 | D:3      | Found a faded altar of an unknown god.
  1488 | D:3      | Noticed Natasha
  1499 | D:3      | Killed Natasha
  1581 | D:3      | Learned a level 4 spell: Animate Dead
  1587 | D:3      | Learned a level 5 spell: Curse of Agony
  1606 | D:3      | Noticed Natasha
  1613 | D:3      | Killed Natasha
  1725 | D:3      | Found a runed translucent door.
  1726 | D:3      | Noticed Crazy Yiuf
  1786 | D:3      | Slain by a gnoll

Illustrated notes

Levels and vault maps discovered:
D:1:      eino_arrival_cavern_a, layout_rooms, chequers_serial_rivers_room_a,
          amcnicky_mini_pool_small
D:2:      layout_basic
D:3:      layout_loops_ring, serial_shops, shop,
          hellmonk_ecumenical_altar_dog_temple, kennysheep_doodads,
          minmay_liquid_box, uniq_natasha, uniq_robin, uniq_crazy_yiuf_cottage

Skill      XL: |  1  2  3  4  5 |
---------------+----------------+-----
Spellcasting   | 5 |  5.3
Invocations    | 1 2 |  2.0
Fighting       | 1 |  1.8
Short Blades   | 1 |  1.8
Long Blades    | 1 |  1.8
Axes           | 1 |  1.8
Maces & Flails | 1 |  1.8
Polearms       | 1 |  1.8
Staves         | 1 |  1.8
Ranged Weapons | 1 |  1.8
Throwing       | 1 |  1.8
Armour         | 1 |  1.8
Shields        | 1 |  1.8
Unarmed Combat | 1 |  1.8
Evocations     | 1 |  1.8
Shapeshifting  | 1 |  1.6
Conjurations   | 1 |  1.4
Hexes          | 1 |  1.4
Summonings     | 1 |  1.4
Translocations | 1 |  1.4
Fire Magic     | 1 |  1.4
Ice Magic      | 1 |  1.4
Air Magic      | 1 |  1.4
Earth Magic    | 1 |  1.4
Alchemy        | 1 |  1.4
Dodging        | |  4.9
Stealth        | |  4.5
Necromancy     | |  7.2

Action                     |  1- 3 |  4- 6 || total
---------------------------+-------+-------++-------
  Melee: Dagger            |    26 |    61 ||    87
         Unarmed           |     1 |       ||     1
         Bite              |     3 |    10 ||    13
         Punch             |       |     1 ||     1
   Cast: Necrotise         |    39 |    29 ||    68
         Vampiric Draining |       |     3 ||     3
         Animate Dead      |       |     1 ||     1
    Use: Scroll            |       |     5 ||     5
   Stab: Distracted        |     1 |       ||     1
         Sleeping          |     4 |     3 ||     7
 Armour: Robe              |     8 |    25 ||    33
  Dodge: Dodged            |    15 |    39 ||    54

Table legend: (Time is in decaauts)
 A = Elapsed time spent in this place.
 B = Non-inter-level travel time spent in this place.
 C = Inter-level travel time spent in this place.
 D = Time resting spent in this place.
 E = Time spent auto-exploring this place.
 F = Levels seen in this place.
 G = Mean time per level.
                   A        B        C        D        E       F      G
               +--------+--------+--------+--------+--------+-----+--------+
         Total |   1781 |   1730 |     51 |     90 |    603 |   3 |  593.7 |
       Dungeon |   1781 |   1730 |     51 |     90 |    603 |   3 |  593.7 |
               +--------+--------+--------+--------+--------+-----+--------+

Top non-repeatable levels by time:
     D:2: 794 daAuts
     D:1: 583 daAuts
     D:3: 403 daAuts
